 Dungeon Crawl Stone Soup version 0.29-a0-317-gd16b76e6b1 (webtiles) character file.

Game seed: 8872430872589944805

261 BlueGoblin the Slasher (level 5, 0/42 HPs)
             Began as a Demonspawn Monk on Mar 30, 2022.
             Succumbed to a kobold brigand's curare-tipped dart
             ... on level 3 of the Dungeon.
             The game lasted 00:07:41 (4608 turns).

BlueGoblin the Slasher (Demonspawn Monk)            Turns: 4608, Time: 00:07:42

Health: 0/42       AC:  4    Str: 11    XL:     5   Next: 96%
Magic:  0/7        EV: 14    Int: 11    God:
Gold:   164        SH:  0    Dex: 18    Spells: 7/7 levels left

rFire   . . .      SeeInvis .   c - +0 long sword
rCold   . . .      Faith    .   d - orb {*Rage}
rNeg    . . .      Spirit   +   b - +0 robe
rPois   .          Reflect  .   (no helmet)
rElec   .          Harm     .   (no cloak)
rCorr   .          Rampage  .   k - +0 pair of gloves
Will    .....      Rage     20% (no boots)
Stlth   ++........              (no amulet)
HPRegen 0.14/turn               (no ring)
MPRegen 0.20/turn               (no ring)

@: lethally poisoned (0 -> -3), hasted and slowed
A: magic shield, magic regeneration, sharp scales 1
a: no special abilities


You were on level 3 of the Dungeon.
You visited 1 branch of the dungeon, and saw 3 of its levels.

You collected 164 gold pieces.

Inventory:

Hand Weapons
 a - a +1 falchion
 c - a +0 long sword (weapon)
Armour
 b - a +0 robe (worn)
 d - an orb of wrath (worn)
 h - a +0 chain mail
 k - a +0 pair of gloves (worn)
Wands
 l - a wand of flame (20)
 n - a wand of iceblast (3)
Scrolls
 e - a scroll of noise
Potions
 f - 2 potions of cancellation
 g - a potion of brilliance


   Skills:
 + Level 4.0 Fighting
 + Level 4.3 Long Blades
 + Level 3.8 Dodging
 - Level 1.7 Stealth
 * Level 1.6 Spellcasting


You had 7 spell levels left.
You didn't know any spells.
Your spell library contained the following spells:

 Spells                   Type           Power      Damage    Failure   Level
 Ensorcelled Hibernation  Hex/Ice        0%         N/A       43%         2
 Passwall                 Tmut/Erth      0%         N/A       43%         2
 Swiftness                Air            0%         N/A       67%         3


Dungeon Overview and Level Annotations

Branches:
Dungeon (3/15)

Altars:

Shops:
D:1 :


Innate Abilities, Weirdness & Mutations

When hurt, damage is shared between your health and your magic reserves.
You regenerate magic rapidly.
You are partially covered in razor-sharp scales. (AC +1, Slay +1)


Message History

The kobold throws a stone.
The stone closely misses you.
The kobold brigand throws a curare-tipped dart.
The curare-tipped dart hits you.
You are poisoned.
You have difficulty breathing.
You feel yourself slow down.
You feel very sick.
The kobold throws a stone.
The stone closely misses you.
You feel very sick.
You feel very sick.
Unknown command.
You feel sick.
The kobold throws a stone.
The stone barely misses you.
The kobold brigand throws a curare-tipped dart.
The curare-tipped dart hits you.
You are more poisoned.
You have difficulty breathing.
You feel as though you will be slow longer.
You feel very sick.
Okay, then.
As you read the scroll labelled LIASTA LIDDE, it crumbles to dust.
The scroll dissolves into smoke.
It was a scroll of fog.
* * * LOW HITPOINT WARNING * * *
You feel very sick.
The kobold throws a stone.
The stone completely misses you.
Unknown command.
This is a scroll of acquirement!
Something appears at your feet!
* * * LOW HITPOINT WARNING * * *
You feel very sick.
Unknown command.
It was a potion of haste.
You feel yourself speed up.
You feel sick.
The kobold brigand hits you but does no damage.
The kobold hits you with a +0 short sword.
* * * LOW HITPOINT WARNING * * *
The kobold misses you. The kobold closely misses you.
Okay, then.
Okay, then.
The kobold brigand attacks as you move away!
The kobold brigand hits you with a +0 dagger.
* * * LOW HITPOINT WARNING * * *
You die...

≈≈≈≈≈≈≈≈≈≈......
####################''## #.
#..............#.).....#.().#
#..
#..............'.......#....#
#'##..............#########....#
#......########..........#......
#...g..# #..[.......'......
#......########..........#......
#........gK§@§.#########....#
#......gKgK§§..'.).....#....#
#........KKK§..#)(.....#....#
#############################


You could see a kobold brigand and 3 kobolds.

Vanquished Creatures
  A scorpion (D:3)
  Ijyb (D:3)
  3 gnolls (D:3)
  5 adders
  A worm (D:2)
  2 dart slugs (D:1)
  5 ball pythons
  4 bats
  5 endoplasms
  4 giant cockroaches
  4 goblins (D:1)
  3 hobgoblins (D:2)
  5 jackals
  40 kobolds
  5 quokkas
  3 frilled lizards
  4 rats
95 creatures vanquished.

Notes
Turn   | Place    | Note
-------+----------+-------------------------------------------
     0 | D:1      | BlueGoblin the Demonspawn Monk began the quest for the Orb.
     0 | D:1      | Reached XP level 1. HP: 18/18 MP: 1/1
    91 | D:1      | Gained mutation: You are partially covered in razor-sharp
                  | scales. (AC +1, Slay +1) [demonic ancestry]
    91 | D:1      | Reached XP level 2. HP: 24/24 MP: 2/2
   581 | D:1      | Found Giru's Book Boutique.
   603 | D:1      | Found a faded altar of an unknown god.
   806 | D:1      | Reached XP level 3. HP: 29/29 MP: 3/3
  1846 | D:2      | Gained mutation: You regenerate magic rapidly. [demonic
                  | ancestry]
  1846 | D:2      | Reached XP level 4. HP: 33/35 MP: 4/4
  3123 | D:3      | Noticed a scorpion
  3132 | D:3      | Killed a scorpion
  3133 | D:3      | Reached skill level 1 in Spellcasting
  3133 | D:3      | Gained mutation: When hurt, damage is shared between your
                  | health and your magic reserves. [demonic ancestry]
  3133 | D:3      | Reached XP level 5. HP: 42/42 MP: 6/6
  3230 | D:3      | Noticed Ijyb
  3242 | D:3      | Killed Ijyb
  4606 | D:3      | Identified a scroll of acquirement
  4606 | D:3      | Acquired the +0 pair of fencer's gloves {Riposte Dex+3}
  4606 | D:3      | Found the +0 pair of fencer's gloves {Riposte Dex+3}
  4608 | D:3      | HP: 1/42 [kobold brigand/+0 dagger (2)]
  4608 | D:3      | Succumbed to a kobold brigand's curare-tipped dart

Illustrated notes

Levels and vault maps discovered:
D:1:      dpeg_arrival_orchard, layout_loops_cross,
          ebering_ecumenical_altar_sacrificial, serial_shops,
          nicolae_shop_statue_plus, corexii_hall_statues_x
D:2:      layout_basic, minmay_quantized
D:3:      minmay_goblin_kobold_castle, layout_rooms, grunt_ministairs_9,
          minmay_misc_feat_cross, grunt_decor_fettered, uniq_ijyb

Skill      XL: |  1  2  3  4  5 |
---------------+----------------+-----
Long Blades    | 3 4 |  4.3
Dodging        | 3 |  3.8
Spellcasting   | 1 |  1.6
Fighting       | 4 |  4.0
Stealth        | |  1.7

Action                   |  1- 3 |  4- 6 || total
-------------------------+-------+-------++-------
Melee: Falchion          |   119 |    16 ||   135
       Long sword        |       |   121 ||   121
  Use: Scroll            |     5 |     4 ||     9
       Potion            |     2 |     1 ||     3
 Stab: Sleeping          |     2 |     5 ||     7
Armor: Robe              |    39 |    31 ||    70
       Chain mail        |     6 |       ||     6
Dodge: Dodged            |    85 |   124 ||   209

Table legend: (Time is in decaauts)
 A = Elapsed time spent in this place.
 B = Non-inter-level travel time spent in this place.
 C = Inter-level travel time spent in this place.
 D = Time resting spent in this place.
 E = Time spent auto-exploring this place.
 F = Levels seen in this place.
 G = Mean time per level.
                   A        B        C        D        E       F      G
               +--------+--------+--------+--------+--------+-----+--------+
         Total |   4744 |   4498 |    246 |   1353 |   2434 |   3 | 1581.3 |
       Dungeon |   4744 |   4498 |    246 |   1353 |   2434 |   3 | 1581.3 |
               +--------+--------+--------+--------+--------+-----+--------+

Top non-repeatable levels by time:
     D:2: 1922 daAuts
     D:3: 1892 daAuts
     D:1: 928 daAuts
